 Dungeon Crawl Stone Soup version 0.22-a0-803-gd6d8abeff0 (webtiles) character file.

527982 Mirvelgyr the Executioner (level 24, -3/352 HPs)
             Began as a Minotaur Berserker on July 22, 2018.
             Was a High Priest of Trog.
             Slain by a death cob (18 damage)
             ... on level 1 of the Realm of Zot.
             The game lasted 01:29:39 (42646 turns).

Mirvelgyr the Executioner (Minotaur Berserker)     Turns: 42646, Time: 01:29:39

Health: -3/352     AC: 41    Str: 30    XL:     24   Next: 33%
Magic:  19/19      EV: 27    Int:  2    God:    Trog [*****.]
Gold:   4123       SH: 20    Dex: 26    Spells: 23/23 levels left

rFire    + . .     SeeInvis +   F - +9 broad axe (drain)
rCold    + . .     Gourm    .   M - +2 shield {reflect}
rNeg     . . .     Faith    .   a - +6 plate armour "Sitacsy" {rPois Int-4 Dex+7}
rPois    +         Spirit   .   G - +3 crown of Dyrovepreva {rElec Int+2 SInv}
rElec    +         Reflect  +   m - +2 cloak
rCorr    .         Harm     .   I - +2 pair of gloves
MR       +++++                  J - +2 pair of boots
Stlth    ..........             x - amulet of the Disturbing Ships {MR+ Regen+ Stlth+}
HPRegen  2.08/turn              L - ring of protection from magic
MPRegen  0.16/turn              h - ring of protection from fire

@: berserking, regenerating, very quick
A: retaliatory headbutt, horns 2, cold resistance 1, low mp 1
}: 3/15 runes: serpentine, barnacled, silver
a: Berserk, Trog's Hand, Brothers in Arms, Renounce Religion


You were on level 1 of the Realm of Zot.
You worshipped Trog.
Trog was extremely pleased with you.
You were full.

You visited 8 branches of the dungeon, and saw 42 of its levels.
You also visited: Labyrinth.

You collected 6398 gold pieces.
You spent 2275 gold pieces at shops.

Inventory:

Hand Weapons
 F - a +9 broad axe of draining (weapon)
 O - a +9 battleaxe of flaming
 Q - a +4 antimagic executioner's axe
Armour
 a - the +6 plate armour "Sitacsy" (worn) {rPois Int-4 Dex+7}
   (You found it on level 5 of the Vaults)

   It affects your intelligence (-4).
   It affects your dexterity (+7).
   It protects you from poison.
 m - a +2 cloak (worn)
 G - the +3 crown of Dyrovepreva (worn) {rElec Int+2 SInv}
   (You found it on level 9 of the Dungeon)

   It affects your intelligence (+2).
   It insulates you from electricity.
   It lets you see invisible.
 I - a +2 pair of gloves (worn)
 J - a +2 pair of boots (worn)
 M - a +2 shield of reflection (worn)
Jewellery
 h - a ring of protection from fire (right hand)
 j - an uncursed ring of flight
 t - an uncursed ring of resist corrosion
 x - the amulet of the Disturbing Ships (around neck) {MR+ Regen+ Stlth+}
   (You bought it in a shop on level 2 of the Orcish Mines)

   [amulet of regeneration]

   It affects your resistance to hostile enchantments.
   It increases your rate of regeneration.
   It makes you more stealthy.
 B - an uncursed ring of poison resistance
 L - a ring of protection from magic (left hand)
 R - the ring "Hywion" {rN+ Dex+2}
   (You found it on level 5 of the Vaults)

   [ring of positive energy]

   It affects your dexterity (+2).
   It protects you from negative energy.
 W - an uncursed ring of protection from fire
Wands
 s - a wand of digging (49)
 v - a wand of polymorph (12)
 y - a wand of paralysis (63)
Scrolls
 b - 9 scrolls of identify
 e - 20 scrolls of teleportation
 u - 20 scrolls of remove curse
 w - 4 scrolls of magic mapping
 z - 5 scrolls of fear
 C - 6 scrolls of fog
 K - 2 scrolls of silence
 U - 2 scrolls of blinking
Potions
 d - 8 potions of brilliance
 f - 4 potions of might
 g - 7 potions of flight
 i - a potion of heal wounds
 l - 8 potions of agility
 o - 9 potions of mutation
 p - 7 potions of haste
 q - 6 potions of berserk rage
 r - 4 potions of cancellation
 A - 3 potions of magic
 D - 8 potions of curing
 T - 3 potions of invisibility
 Z - a potion of ambrosia
Comestibles
 k - 16 chunks of flesh
 n - 32 rations


   Skills:
 + Level 23.0 Fighting
 - Level 23.2 Axes
 + Level 22.9 Armour
 + Level 21.4 Dodging
 + Level 19.5 Shields


You had 23 spell levels left.
You didn't know any spells.
Your spell library was empty.

Dungeon Overview and Level Annotations

Branches:
Dungeon (15/15)            Temple (0/1) D:4            Lair (6/6) D:11
 Shoals (4/4) Lair:2        Snake (4/4) Lair:4        Slime (0/5) Lair:5
    Orc (2/2) D:10            Elf (0/3) Orc:2        Vaults (5/5) D:13
  Crypt (0/3) Vaults:3     Depths (5/5) D:15            Zot (1/5) Depths:5

Altars:
Cheibriados
Fedhas
Gozag
Makhleb
Nemelex Xobeh
Qazlal
Ru
Sif Muna
Trog
Vehumet
Xom
Zin
Beogh

Shops:
D:14 *   Orc:2 =}[:   Shoals:2 (   Snake:2 }=}

Portals:
Hell: Depths:1 Depths:2 Depths:3 Depths:4 Depths:5
Abyss: Depths:1 Depths:2 Depths:4
Pandemonium: Depths:1 Depths:3
Ziggurat: Depths:2

Annotations:
Vaults:3 exclusion: orange crystal statue
Depths:3 2 transporters


Innate Abilities, Weirdness & Mutations

You reflexively headbutt those who attack you in melee.
You have a pair of horns on your head.
Your flesh is cold resistant. (rC+)
Your magical capacity is low. (-10% MP)


Message History

* * * LOW HITPOINT WARNING * * *
The curse toe calls on the powers of darkness!
The storm dragon convulses!
The quicksilver dragon convulses! x2
Your body is wracked with pain!
* * * LOW HITPOINT WARNING * * *
The deathcap completely misses you.
You block the wandering mushroom's attack.
A red film seems to cover your vision as you go berserk!
You feel yourself moving faster!
You feel mighty! You block the death cob's attack.
The quicksilver dragon closely misses you.
The quicksilver dragon claws you but does no damage.
You block the death cob's attack. The death cob barely misses you.
You furiously retaliate!
You headbutt the death cob, but do no damage.
The quicksilver dragon bites you.
* * * LOW HITPOINT WARNING * * *
You block the quicksilver dragon's attack.
The death cob hits you!!
You die...

,**,,,,** *#............ ,,**,,,*
##........#... ,,,*,,,**
##........##### *,,,*,,,**
####*##........## *,,,,,,,,*
#...##.>....!...#
*,*,,,,,,####...#...$....#..#*
,,,,,,,,,..........f....##...#*
,,,,,,,,,......f.z..§ff###..#.#
,,,,,,,,,.....fz@DDX.§## #..#.#
,,,,,,,,,.........f$†.#* #..#,#
,,,,,,,,,..........ffz§#*#..#,*
*,*,*****....######.$.D.#,..#,*
*,*,,** *#..,** ##......,,*,***
,,,,*,** ##,,,** *.....[D.,*,,,,
,,,,**,** **,,,****........,*,,,,
,,,,***,** **,,,,*#...#.....*,,,,
*,,,****,****,,,,*******,,,,,,,,,


You could see a tentacled monstrosity, a storm dragon, a curse toe, 2 death
cobs, 2 quicksilver dragons, 4 deathcaps and 4 wandering mushrooms.

Vanquished Creatures
  Mara (Shoals:3)
  A juggernaut (Depths:5)
  Mennas (Depths:3)
  Sojobo (Vaults:2)
  Bai Suzhen (Vaults:4)
  Boris (Vaults:2)
  Xtahua (Depths:4)
  Margery (Vaults:2)
  Saint Roka (Vaults:2)
  Jory (Depths:3)
  3 golden dragons
  A bone dragon (Depths:5)
  Nikola (Snake:1)
  Jorgrun (Depths:3)
  Rupert (Snake:1)
  7 titans
  2 quicksilver dragons
  Polyphemus (Shoals:2)
  3 liches
  2 death cobs (Zot:1)
  A kraken (Shoals:3)
  3 shadow dragons (Vaults:5)
  Kirke (Snake:1)
  3 sphinxes
  4 storm dragons
  Donald (Snake:1)
  5 tengu reavers
  5 nagarajas
  6 fire giants
  Ilsuiw (Shoals:3)
  3 deep elf sorcerers
  2 draconian monks
  7 frost giants
  An orc warlord (Vaults:3)
  A draconian shifter (Depths:5)
  15 vault wardens
  A balrug (Depths:2)
  Aizul (Snake:1)
  2 iron dragons
  3 deep elf elementalists
  A ghoul (Vaults:3)
  A draconian annihilator (Depths:5)
  3 war gargoyles (Vaults:5)
  15 ironheart preservers
  3 spriggan defenders (Depths:5)
  11 very ugly things
  28 stone giants
  3 vampire knights
  2 deep elf demonologists
  3 deep elf annihilators
  A black draconian (Zot:1)
  3 green draconians
  A dire elephant (Lair:6)
  A minotaur (Lab)
  A purple draconian (Depths:5)
  A yellow draconian (Zot:1)
  A white draconian (Depths:5)
  A red draconian (Depths:5)
  2 deep elf death magi
  A merfolk javelineer (Shoals:4)
  12 ettins
  A crystal guardian (Vaults:3)
  16 fire dragons
  15 merfolk impalers
  9 yaktaur captains
  7 great orbs of eyes
  3 rakshasas (Depths:1)
  4 spriggan air magi
  35 vault guards
  3 hydras
  15 ice dragons
  19 ogre magi
  5 merfolk avatars
  4 alligator snapping turtles
  7 centaur warriors
  5 merfolk aquamancers
  3 catoblepae
  11 naga warriors
  4 death knights
  55 two-headed ogres
  A dancing weapon (Vaults:5)
  8 anacondas
  10 tengu warriors
  A satyr (Shoals:3)
  8 death yaks
  6 deep troll shamans
  A shock serpent (shapeshifter) (Depths:2)
  6 naga sharpshooters
  3 orc high priests (Orc:2)
  2 sun demons (Depths:2)
  A queen ant (shapeshifter) (Vaults:2)
  4 deep troll earth magi
  8 shock serpents
  5 spriggan berserkers
  2 vampire magi
  8 spriggans
  4 deep elf knights
  A storm dragon zombie (Vaults:5)
  A death drake (shapeshifter) (Depths:5)
  A shadow wraith (Vaults:3)
  A fire crab (Lair:6)
  7 iron trolls
  3 salamander mystics (Snake:4)
  6 unseen horrors
  3 skeletal warriors (D:12)
  15 hell knights
  A deep troll (shapeshifter) (Vaults:5)
  28 sea snakes
  22 deep trolls
  A naga ritualist (Snake:1)
  A swamp dragon (shapeshifter) (Vaults:5)
  2 flayed ghosts
  12 orc knights
  A golden dragon skeleton (Depths:1)
  A glowing orange brain (Depths:3)
  6 deep elf archers
  24 ironbrand convokers
  5 wizards
  11 necromancers
  5 phantasmal warriors
  Pikel (D:4)
  A tengu zombie (Vaults:3)
  28 harpies
  11 manticores
  15 deep elf magi
  58 ugly things
  A salamander (shapeshifter) (Vaults:4)
  2 wolf spiders
  8 salamanders
  7 orc sorcerers
  2 shining eyes (shapeshifter)
  A frost giant zombie (Depths:1)
  8 mana vipers
  A shadow dragon skeleton (Vaults:3)
  9 cyclopes
  3 moths of wrath (Zot:1)
  9 fauns
  A cyclops (shapeshifter) (Vaults:4)
  A fire giant skeleton (Vaults:5)
  A frost giant skeleton (Depths:1)
  6 elephants
  18 naga magi
  A guardian serpent (shapeshifter) (Depths:1)
  25 black mambas
  A titan simulacrum (Vaults:5)
  2 guardian serpents
  9 merfolk sirens
  A storm dragon simulacrum (Depths:1)
  2 centaur zombies
  3 ice statues (D:14)
  10 vault sentinels
  6 water nymphs
  4 gargoyles
  17 spiny frogs
  An efreet (D:14)
  5 rime drakes
  9 freezing wraiths
  28 yaktaurs
  A redback zombie (D:13)
  3 tengu conjurers
  11 komodo dragons
  5 trolls
  5 polar bears
  A jumping spider (shapeshifter) (Depths:2)
  3 meliai (Lair:6)
  A troll (shapeshifter) (Vaults:3)
  A queen bee (shapeshifter) (Vaults:1)
  2 blink frogs (shapeshifter)
  19 merfolk
  A wind drake (shapeshifter) (D:13)
  12 wind drakes
  13 hornets
  8 snapping turtles
  22 slime creatures
  A queen bee (Lair:6)
  20 dream sheep
  Prince Ribbit (D:5)
  A snapping turtle (shapeshifter) (Depths:2)
  12 hippogriffs
  An ice dragon zombie (Depths:1)
  A dream sheep (shapeshifter) (D:13)
  7 blink frogs
  A stone giant simulacrum (Vaults:3)
  15 water elementals
  A flying skull (Vaults:3)
  An ettin skeleton (Vaults:3)
  A redback (Lab)
  A fire dragon skeleton (Depths:1)
  2 ice dragon skeletons (Depths:1)
  4 shadows
  4 wraiths
  A wyvern (shapeshifter) (Depths:5)
  3 vampires
  5 basilisks
  3 fire bats (Depths:3)
  9 wyverns
  An elf zombie (Vaults:5)
  7 hogs
  14 yaks
  A steam dragon (D:15)
  6 hungry ghosts
  Menkaure (D:4)
  5 vampire mosquitoes
  A swamp worm (shapeshifter) (Vaults:5)
  5 wargs
  46 nagas
  A soldier ant (shapeshifter) (Vaults:5)
  4 acid dragons
  A floating eye (Depths:5)
  An acid dragon (shapeshifter) (D:13)
  Duvessa (D:4)
  A water moccasin (shapeshifter) (Vaults:4)
  14 water moccasins
  A porcupine (shapeshifter) (Vaults:5)
  5 porcupines
  A black bear (D:6)
  16 ice beasts
  2 phantoms
  An eye of draining (shapeshifter) (Vaults:1)
  3 slaves (D:4)
  40 orc warriors
  40 ogres
  An eye of draining (D:12)
  8 boggarts
  10 crocodiles
  20 centaurs
  6 big kobolds
  18 bullfrogs
  Dowan (D:4)
  An earth elemental (Lab)
  A human skeleton (Vaults:3)
  4 scorpions
  2 wyvern skeletons (D:15)
  18 killer bees
  12 wights
  A howler monkey (D:11)
  5 electric eels
  10 crimson imps
  A bullfrog zombie (D:6)
  A quasit (D:15)
  6 bullfrog skeletons
  8 hounds
  22 orc priests
  Crazy Yiuf (D:3)
  27 orc wizards
  6 centaur skeletons
  A gnoll shaman (D:4)
  An iron imp (Depths:3)
  3 iguanas
  Ijyb (D:3)
  12 worker ants
  18 gnolls
  10 adders
  A river rat (D:11)
  4 shadow imps
  An adder zombie (D:5)
  An ooze (D:3)
  2 worms
  A dart slug (D:3)
  5 leopard geckos
  97 orcs
  6 giant cockroaches
  6 goblins
  11 hobgoblins
  16 jackals
  13 quokkas
  6 bats
  3 frilled lizards
  32 kobolds
  A leopard gecko zombie (D:3)
  6 rats
  2 crawling corpses (Vaults:3)
  A fire vortex (Depths:1)
  3 fungi
  25 plants
  A tentacle (Shoals:3)
  A withered plant (Shoals:2)
1869 creatures vanquished.

Vanquished Creatures (collateral kills)
  Asterion (Snake:3)
  3 nagarajas (Snake:4)
  A yaktaur captain (Vaults:2)
  5 naga warriors
  3 naga sharpshooters (Snake:4)
  A salamander mystic (Snake:4)
  A sea snake (Snake:3)
  A naga ritualist (Snake:4)
  An ice statue (D:14)
  2 black mambas (Snake:4)
  3 naga magi (Snake:4)
  11 nagas
  An orc warrior (Vaults:2)
  An ogre (Vaults:2)
  An orc wizard (Vaults:2)
  2 orcs (Vaults:2)
38 creatures vanquished.

Vanquished Creatures (others)
  A merfolk javelineer (Shoals:4)
  A yaktaur captain (Vaults:5)
  2 satyrs
  A vampire mage (Depths:4)
  A necromancer (Vaults:2)
  A faun (Shoals:2)
  6 yaktaurs
  A spriggan zombie (Depths:1)
  A merfolk (Shoals:2)
  3 nagas
  A sky beast (D:6)
  A boggart (Depths:2)
  A centaur (Depths:1)
  A deep troll simulacrum (Depths:1)
  3 fungi (Lair:6)
  7 plants
  16 tentacles (Shoals:3)
48 creatures vanquished.

Grand Total: 1955 creatures vanquished

Notes
Turn   | Place    | Note
-------+----------+-------------------------------------------
     0 | D:1      | Mirvelgyr the Minotaur Berserker began the quest for the Orb.
     0 | D:1      | Reached XP level 1. HP: 19/19 MP: 0/0
   197 | D:1      | Reached XP level 2. HP: 27/27 MP: 1/1
   754 | D:2      | Found an opulent altar of Gozag.
   754 | D:2      | Found a stormy altar of Qazlal.
  1021 | D:2      | Reached XP level 3. HP: 33/33 MP: 2/2
  1041 | D:2      | Reached ** piety under Trog
  1373 | D:2      | Found a snail-covered altar of Cheibriados.
  1487 | D:2      | Found a sacrificial altar of Ru.
  1680 | D:3      | Noticed Ijyb
  1775 | D:3      | Killed Ijyb
  1775 | D:3      | Reached XP level 4. HP: 40/40 MP: 3/3
  1938 | D:3      | Reached skill level 5 in Axes
  1996 | D:3      | Found a burning altar of Makhleb.
  1996 | D:3      | Noticed an Executioner
  1997 | D:3      | Found a glowing silver altar of Zin.
  1997 | D:3      | Noticed an angel
  2298 | D:3      | Found a sparkling altar of Nemelex Xobeh.
  2309 | D:3      | Reached XP level 5. HP: 47/47 MP: 4/4
  2391 | D:3      | Reached *** piety under Trog
  2689 | D:3      | Found a runed door.
  2881 | D:3      | Noticed Crazy Yiuf
  2886 | D:3      | Killed Crazy Yiuf
  2982 | D:4      | Reached XP level 6. HP: 44/55 MP: 5/5
  3107 | D:4      | Noticed Menkaure
  3109 | D:4      | Killed Menkaure
  3109 | D:4      | Reached skill level 5 in Fighting
  3127 | D:4      | Found a staircase to the Ecumenical Temple.
  3327 | D:4      | Found a shimmering altar of Xom.
  3403 | D:4      | Noticed Duvessa
  3403 | D:4      | Noticed Dowan
  3414 | D:4      | Killed Duvessa
  3414 | D:4      | Reached XP level 7. HP: 61/61 MP: 6/6
  3427 | D:4      | Killed Dowan
  3528 | D:4      | Noticed Pikel
  3540 | D:4      | Killed Pikel
  3540 | D:4      | Reached skill level 5 in Armour
  3540 | D:4      | Reached skill level 5 in Dodging
  3540 | D:4      | Reached XP level 8. HP: 70/70 MP: 7/7
  3750 | D:5      | Entered Level 5 of the Dungeon
  3750 | D:5      | Found a bloodstained altar of Trog.
  4008 | D:5      | Noticed Prince Ribbit
  4024 | D:5      | Killed Prince Ribbit
  4260 | D:6      | Reached **** piety under Trog
  4270 | D:6      | Reached XP level 9. HP: 79/79 MP: 8/8
  4319 | D:6      | Found a radiant altar of Vehumet.
  4446 | D:6      | Reached skill level 10 in Axes
  4940 | D:7      | Noticed a two-headed ogre
  5242 | D:7      | Killed a two-headed ogre
  5242 | D:7      | Reached XP level 10. HP: 53/90 MP: 3/9
  5971 | D:8      | Found a deep blue altar of Sif Muna.
  6490 | D:9      | Reached ***** piety under Trog
  6921 | D:9      | Found the +3 crown of Dyrovepreva {rElec Int+2 SInv}
  7345 | D:10     | Entered Level 10 of the Dungeon
  7345 | D:10     | Found a staircase to the Orcish Mines.
  7345 | D:10     | Noticed a two-headed ogre
  7359 | D:10     | Killed a two-headed ogre
  7398 | D:10     | Noticed a cyclops
  7409 | D:10     | Killed a cyclops
  7593 | D:10     | Reached XP level 11. HP: 89/99 MP: 10/10
  7631 | D:10     | Received a gift from Trog
  8294 | D:11     | Noticed a six-headed hydra
  8299 | D:11     | Killed a four-headed hydra
  8526 | D:11     | Noticed a death yak
  8528 | D:11     | Noticed a death yak
  8533 | D:11     | Noticed a death yak
  8541 | D:11     | Killed a death yak
  8542 | D:11     | Killed a death yak
  8548 | D:11     | Killed a death yak
  8548 | D:11     | Reached skill level 15 in Axes
  8757 | D:11     | Found a staircase to the Lair.
  8890 | D:11     | Got a pitted turquoise ring
  8961 | D:11     | Noticed an unseen horror
  8974 | D:11     | Killed an unseen horror
  9200 | D:12     | Noticed a deep elf mage
  9206 | D:12     | Killed a deep elf mage
  9376 | D:12     | Noticed a skeletal warrior
  9376 | D:12     | Noticed a skeletal warrior
  9378 | D:12     | Noticed a skeletal warrior
  9385 | D:12     | Killed a skeletal warrior
  9387 | D:12     | Killed a skeletal warrior
  9392 | D:12     | Killed a skeletal warrior
  9392 | D:12     | Reached XP level 12. HP: 69/106 MP: 6/11
  9393 | D:12     | Noticed a six-headed hydra
  9407 | D:12     | Killed a four-headed hydra
  9781 | D:12     | You fall through a shaft for 3 floors!
  9781 | D:15     | Entered Level 15 of the Dungeon
  9782 | D:15     | Noticed a centaur warrior
  9785 | D:15     | Noticed a tengu warrior
  9913 | D:14     | Identified the ring "Athyfyu" {rElec Int+2 Dex+2 Stlth+} (You found it on level 11 of the Dungeon)
 10340 | D:12     | Received a gift from Trog
 10745 | D:13     | Noticed a two-headed ogre
 10750 | D:13     | Killed a two-headed ogre
 10790 | D:13     | Found a gate to the Vaults.
 10790 | D:13     | Noticed a two-headed ogre
 10790 | D:13     | a lindwurm changed into a two-headed ogre
 10791 | D:13     | a two-headed ogre changed into a dream sheep
 10837 | D:13     | Noticed a two-headed ogre
 10844 | D:13     | Killed a two-headed ogre
 11047 | D:13     | You fall through a shaft for 2 floors!
 11064 | D:15     | Noticed a five-headed hydra
 11077 | D:15     | Killed a one-headed hydra
 11101 | D:15     | Killed a centaur warrior
 11101 | D:15     | Received a gift from Trog
 11221 | D:15     | Reached XP level 13. HP: 107/113 MP: 12/12
 11321 | D:14     | Found Haoffes's Blood Bar.
 12690 | D:15     | Received a gift from Trog
 12899 | D:15     | Found a blossoming altar of Fedhas.
 12935 | D:15     | Noticed a fire dragon
 12942 | D:15     | Killed a fire dragon
 12986 | D:15     | Reached XP level 14. HP: 76/119 MP: 13/13
 13176 | D:15     | Reached skill level 10 in Fighting
 13381 | D:15     | Found a staircase to the Depths.
 13516 | Lair:1   | Entered Level 1 of the Lair of Beasts
 13822 | Lair:1   | Reached skill level 10 in Armour
 14354 | Lair:2   | Found a staircase to the Shoals.
 15341 | Lair:3   | Received a gift from Trog
 15789 | Lair:4   | Reached skill level 10 in Dodging
 16116 | Lair:4   | Found a staircase to the Snake Pit.
 16401 | Lair:5   | Found a labyrinth entrance.
 16411 | Lab      | Entered a labyrinth
 17015 | Lab      | Found an exit through the horrors of the Abyss.
 17089 | Lab      | Identified the Grimoire of Helpful Contamination
 17279 | Lair:5   | Found a staircase to the Slime Pits.
 17565 | Lair:6   | Entered Level 6 of the Lair of Beasts
 17862 | Lair:6   | Reached XP level 15. HP: 91/134 MP: 14/14
 17896 | Lair:6   | Paralysed by a hornet for 1 turns
 18105 | Lair:6   | Received a gift from Trog
 18997 | Orc:1    | Entered Level 1 of the Orcish Mines
 19476 | Orc:2    | Entered Level 2 of the Orcish Mines
 19531 | Orc:2    | Received a gift from Trog
 19539 | Orc:2    | Found a staircase to the Elven Halls.
 19552 | Orc:2    | Got an iridescent battleaxe {god gift}
 19554 | Orc:2    | Identified the +0 battleaxe "Qit Cigh" {venom, rElec rPois Int+5 Dex-3} (Trog gifted it to you on level 2 of the Orcish Mines)
 19609 | Orc:2    | Found a roughly hewn altar of Beogh.
 19882 | Orc:2    | Received a gift from Trog
 19885 | Orc:2    | Found Cuowubih's Jewellery Shop.
 19885 | Orc:2    | Found Dedemaem's Gadget Shoppe.
 19894 | Orc:2    | Found Jafodd's Book Shoppe.
 19894 | Orc:2    | Found Velefeh's Antique Armour Shop.
 20036 | Orc:2    | Bought an uncursed ring of resist corrosion for 260 gold pieces
 20036 | Orc:2    | Bought the amulet of the Disturbing Ships {MR+ Regen+ Stlth+} for 590 gold pieces
 20036 | Orc:2    | Bought an uncursed ring of poison resistance for 260 gold pieces
 20343 | Snake:1  | Entered Level 1 of the Snake Pit
 20343 | Snake:1  | Noticed Kirke
 20343 | Snake:1  | Noticed Rupert
 20365 | Snake:1  | Killed Kirke
 20368 | Snake:1  | Killed Rupert
 20444 | Snake:1  | Noticed Aizul
 20460 | Snake:1  | Killed Aizul
 20620 | Snake:1  | Noticed Nikola
 20650 | Snake:1  | Killed Nikola
 20850 | Snake:1  | Noticed Donald
 20865 | Snake:1  | Killed Donald
 21051 | Snake:1  | Reached skill level 1 in Shields
 21131 | Snake:2  | Reached XP level 16. HP: 141/146 MP: 15/15
 21696 | Snake:2  | Reached skill level 5 in Shields
 21704 | Snake:2  | Found Sutet's Gadget Boutique.
 21757 | Snake:2  | Found Bimm's Jewellery Emporium.
 21758 | Snake:2  | Found Cogeig's Gadget Boutique.
 21765 | Snake:2  | Bought an uncursed ring of protection from fire for 325 gold pieces
 22279 | Snake:3  | Noticed Asterion
 22291 | Snake:3  | Killed Asterion
 22614 | Snake:3  | Reached skill level 10 in Shields
 23129 | Snake:4  | Entered Level 4 of the Snake Pit
 23472 | Snake:4  | Received a gift from Trog
 23857 | Snake:4  | Reached skill level 15 in Fighting
 23859 | Snake:4  | Reached XP level 17. HP: 100/156 MP: 16/16
 24171 | Snake:4  | Reached skill level 15 in Armour
 24338 | Snake:4  | Got a serpentine rune of Zot
 24578 | Shoals:1 | Entered Level 1 of the Shoals
 25479 | Shoals:2 | Found Zuwk's Antique Weapon Emporium.
 25672 | Shoals:2 | Noticed Polyphemus
 25695 | Shoals:2 | Killed Polyphemus
 26955 | Shoals:3 | Gained mutation: Scrolls take you a little longer to read. [potion of mutation]
 26955 | Shoals:3 | Gained mutation: Scrolls take you longer to read. [potion of mutation]
 26955 | Shoals:3 | Gained mutation: Your flesh is heat resistant. (rF+) [potion of mutation]
 26956 | Shoals:3 | Lost mutation: Scrolls take you longer to read. [potion of mutation]
 26956 | Shoals:3 | Lost mutation: Your flesh is heat resistant. (rF+) [potion of mutation]
 26956 | Shoals:3 | Gained mutation: Your spells are a little harder to cast, but a little more powerful. [potion of mutation]
 26956 | Shoals:3 | Gained mutation: Your flesh is cold resistant. (rC+) [potion of mutation]
 26957 | Shoals:3 | Lost mutation: Scrolls take you a little longer to read. [potion of mutation]
 26957 | Shoals:3 | Lost mutation: Your spells are a little harder to cast, but a little more powerful. [potion of mutation]
 26957 | Shoals:3 | Lost mutation: Your flesh is cold resistant. (rC+) [potion of mutation]
 26957 | Shoals:3 | Gained mutation: Your magical capacity is low. (-10% MP) [potion of mutation]
 26957 | Shoals:3 | Gained mutation: Your spells are a little harder to cast, but a little more powerful. [potion of mutation]
 26957 | Shoals:3 | Gained mutation: Your flesh is cold resistant. (rC+) [potion of mutation]
 27327 | Shoals:3 | Noticed Ilsuiw
 27338 | Shoals:3 | Killed Ilsuiw
 27483 | Shoals:3 | Noticed Mara
 27493 | Shoals:3 | Noticed Mirvelgyr's illusion
 27524 | Shoals:3 | Killed Mara
 27524 | Shoals:3 | Reached XP level 18. HP: 144/166 MP: 15/15
 27757 | Shoals:3 | Reached skill level 15 in Dodging
 28003 | Shoals:4 | Entered Level 4 of the Shoals
 28393 | Shoals:4 | Reached skill level 15 in Shields
 28744 | Shoals:4 | Got a barnacled rune of Zot
 29274 | Vaults:1 | Entered Level 1 of the Vaults
 29596 | Vaults:1 | Received a gift from Trog
 29843 | Vaults:1 | Reached XP level 19. HP: 161/177 MP: 16/16
 30246 | Vaults:1 | Received a gift from Trog
 30689 | Vaults:2 | Noticed Boris
 30705 | Vaults:2 | Killed Boris
 30989 | Vaults:2 | Lost mutation: Your spells are a little harder to cast, but a little more powerful. [a shining eye]
 31130 | Vaults:2 | Noticed Margery
 31147 | Vaults:2 | Killed Margery
 31576 | Vaults:2 | Noticed Sojobo
 31588 | Vaults:2 | Received a gift from Trog
 32013 | Vaults:2 | Noticed Saint Roka
 32037 | Vaults:2 | Killed Saint Roka
 32842 | Vaults:3 | Received a gift from Trog
 32850 | Vaults:3 | Reached XP level 20. HP: 184/189 MP: 17/17
 33217 | Vaults:3 | Found a staircase to the Crypt.
 33599 | Vaults:4 | Received a gift from Trog
 33600 | Vaults:4 | Found the +10 morningstar "Eos" {elec, Halo rElec}
 33921 | Vaults:4 | Found Daock's Food Emporium.
 33924 | Vaults:4 | Bought a ration for 70 gold pieces
 33924 | Vaults:4 | Bought a ration for 70 gold pieces
 33924 | Vaults:4 | Bought a ration for 70 gold pieces
 33924 | Vaults:4 | Bought a ration for 70 gold pieces
 33924 | Vaults:4 | Bought a ration for 70 gold pieces
 33924 | Vaults:4 | Bought a ration for 70 gold pieces
 33924 | Vaults:4 | Bought a ration for 70 gold pieces
 33924 | Vaults:4 | Bought a ration for 70 gold pieces
 33924 | Vaults:4 | Bought a ration for 70 gold pieces
 33924 | Vaults:4 | Bought a ration for 70 gold pieces
 33924 | Vaults:4 | Bought a ration for 70 gold pieces
 33924 | Vaults:4 | Bought a ration for 70 gold pieces
 34316 | Vaults:4 | Received a gift from Trog
 34327 | Vaults:4 | Reached XP level 21. HP: 188/201 MP: 17/17
 34537 | Vaults:4 | Noticed Bai Suzhen
 34552 | Vaults:4 | Killed Bai Suzhen
 34945 | Depths:1 | Entered Level 1 of the Depths
 34975 | Depths:1 | Reached ****** piety under Trog
 34975 | Depths:1 | Received a gift from Trog
 35004 | Depths:1 | Got a warped broad axe {god gift}
 35007 | Depths:1 | Identified the +3 broad axe of Otuylizi {drain, rPois rF+ Str+4 Dex-2} (Trog gifted it to you on level 1 of the Depths)
 35040 | Depths:1 | Found a one-way gate leading to the halls of Pandemonium.
 35095 | Depths:1 | Found a gateway to Hell.
 35461 | Depths:1 | Found a one-way gate to the infinite horrors of the Abyss.
 35580 | Depths:1 | Received a gift from Trog
 36307 | Depths:2 | Reached XP level 22. HP: 211/211 MP: 18/18
 36318 | Depths:2 | Received a gift from Trog
 36336 | Depths:2 | Got a bloodstained hand axe {god gift}
 36340 | Depths:2 | Identified the +5 hand axe of Killer Klown's Peril {antimagic, *Drain rN+++ MR- Str+4} (Trog gifted it to you on level 2 of the Depths)
 36748 | Depths:2 | Found a gateway to a ziggurat.
 36974 | Depths:3 | Noticed Jory
 37012 | Depths:3 | Killed Jory
 37083 | Depths:3 | Found a transporter.
 37125 | Depths:3 | Noticed Jorgrun
 37141 | Depths:3 | Killed Jorgrun
 37146 | Depths:3 | Found a transporter.
 37320 | Depths:3 | Received a gift from Trog
 37527 | Depths:3 | Noticed Mennas
 37554 | Depths:3 | Killed Mennas
 37892 | Depths:4 | Noticed Xtahua
 37908 | Depths:4 | Killed Xtahua
 38124 | Depths:4 | Found a magical portal.
 38836 | Depths:5 | Entered Level 5 of the Depths
 38836 | Depths:5 | Noticed a juggernaut
 38850 | Depths:5 | Killed a juggernaut
 38980 | Depths:5 | Received a gift from Trog
 38989 | Depths:5 | Paralysed by a hornet for 2 turns
 39243 | Depths:5 | Reached XP level 23. HP: 209/222 MP: 19/19
 39413 | Depths:5 | Found a gate to the Realm of Zot.
 40322 | Vaults:2 | Killed Sojobo
 40381 | Vaults:5 | Entered Level 5 of the Vaults
 40499 | Vaults:5 | Received a gift from Trog
 40619 | Vaults:5 | Got a wavering steel ring
 40646 | Vaults:5 | Identified the ring "Hywion" {rN+ Dex+2} (You found it on level 5 of the Vaults)
 40866 | Vaults:5 | Got a silver rune of Zot
 41116 | Vaults:5 | Received a gift from Trog
 41149 | Vaults:5 | Reached XP level 24. HP: 110/232 MP: 19/19
 41369 | Vaults:5 | Got a translucent plate armour
 41380 | Vaults:5 | Identified the +6 plate armour "Sitacsy" {rPois Int-4 Dex+7} (You found it on level 5 of the Vaults)
 42081 | Vaults:5 | Identified the Collected Works on the Helpful Snowflakes
 42442 | Zot:1    | Entered Level 1 of the Realm of Zot
 42645 | Zot:1    | HP: 11/235 [??? (9)]
 42646 | Zot:1    | Slain by a death cob

Vault maps used:
D:1:      dpeg_arrival_signposts, minmay_misc_feat_chi
D:2:      lemuel_coloured_pillars_altar, lemuel_crystal_altar,
          nicolae_overflow_hidden_temple
D:3:      grunt_temple_overflow_order_and_chaos_2, old_standard_altar,
          first_ration, uniq_ijyb, uniq_crazy_yiuf_cottage
D:4:      xom_butterflies, minmay_temple_entry_enclosed_plants,
          nrook_loot_triangle, minivault_14, minivault_24, uniq_pikel,
          uniq_menkaure, uniq_duvessa
D:5:      overflow_temple_1_default, uniq_prince_ribbit1
D:6:      kennysheep_little_box, roderic_three_in_a_row, kb_rosetta
D:7:      minmay_liquid_box
D:8:      basic_altar
D:10:     orc_0_dummy, grunt_ogre_cave, grunt_ministairs_13,
          hangedman_decor_lopped
D:11:     dpeg_lair_monsters, small_chamber_with_monster
D:13:     david_vaults_2
D:14:     minmay_ice_pillars, minivault_11, grunt_decor_fettered,
          guppyfry_shop_blood
D:15:     grunt_enter_depths_hoard, grunt_decor_cap, serial_bayou,
          serial_bayou_pond_b, serial_bayou_pond_e, serial_bayou_pond_b,
          serial_bayou_pond_e, basic_altar, serial_bayou_pond_c,
          columned_hall_lemuel
Lair:1:   hangedman_lair_unloving_vines, grunt_megastairs_1
Lair:2:   minmay_shoals_entry_centaurs
Lair:3:   infiniplex_staircase_pool, lemuel_fruit_tree, serial_bayou_shore_b,
          serial_bayou_shore_b
Lair:4:   guppyfry_snake_entry_garden
Lair:5:   slime_dummy, lab_entry_generic, lemuel_old_faithful
Lair:6:   gammafunk_lair_ancient_temple, special_room
Shoals:2: serial_shops, nicolae_shop_stone, argonaut_gorgonesque,
          uniq_polyphemus
Shoals:3: uniq_ilsuiw, uniq_mara
Shoals:4: shoals_end_simple
Snake:1:  uniq_aizul, uniq_nikola, uniq_kirke, uniq_donald, uniq_rupert
Snake:2:  serial_bayou_pond_c, serial_bayou_shore_b, minmay_shop_grove
Snake:3:  uniq_asterion
Snake:4:  minmay_snake_end_coiled
Orc:2:    grunt_orc_tribal_feast, basic_altar
Vaults:1: v_pattern_5, v_rooms_6, v_rooms_3, v_alt_pattern_2,
          nicolae_vaults_rhombus_6, vaults_dpeg_hooks, v_misc_3,
          hangedman_vaults_cutoff, vaults_dpeg_ring
Vaults:2: nicolae_vaults_little_squares_1, st_smaller_cells,
          vaults_room_semicircle, v_misc_16, nicolae_vaults_ring_of_whatevers,
          v_misc_10, hangedman_vaults_cutoff, hangedman_vaults_hat,
          nicolae_vaults_little_squares_2, vaults_room_grid, v_rooms_4,
          uniq_sojobo, uniq_boris, uniq_margery, uniq_saint_roka
Vaults:3: v_misc_1, minmay_crypt_entry_simple_corners,
          hangedman_vaults_stitches, nicolae_vaults_disjoint_gnomons,
          nicolae_vaults_statue_guard, nicolae_vaults_puzzle_piece,
          nicolae_vaults_network_periphery, v_misc_10,
          nicolae_vaults_shelves_hall
Vaults:4: v_rooms_4, hangedman_vaults_stream, v_misc_30, hangedman_vaults_nails,
          vaults_room_pools, ontoclasm_vaults_chip, v_misc_27,
          ontoclasm_vaults_misaligned, v_misc_8, st_diamondy,
          vaults_dpeg_encased_lava, ontoclasm_vaults_loading_screen,
          ontoclasm_vaults_gateway, serial_shops, shop, uniq_bai_suzhen
Depths:1: pan_entry, hell_entry, minmay_misc_feat_doors, abyss_entry_crystal,
          lightli_minifort
Depths:2: minmay_blocking_statues, enter_ziggurat_d, lightli_too_deep,
          abyss_entry, grunt_ministairs_4, infiniplex_staircase_hallway_doors
Depths:3: gammafunk_dig_for_victory, grunt_hell_entry_dis_old, pan_entry,
          uniq_mennas, uniq_jorgrun, uniq_jory
Depths:4: kennysheep_blocky_hall, hangedman_coc_ice_floe, abyss_entry,
          infiniplex_enter_wizlab_spiral, uniq_xtahua
Depths:5: grunt_zot_entry_bicorn, minmay_misc_feat_more_columns, hell_entry
Lab:      nicolae_lab_blocks, lab_statue, nicolae_lab_garden,
          nicolae_lab_t_cross, labyrinth_fake_exit, nicolae_lab_plus

Skill      XL: |  1  2  3  4  5  6  7  8  9 10 11 12 13 14 15 16 17 18 19 20 21 22 23 24 |
---------------+-------------------------------------------------------------------------+-----
Axes           | 4 5 6 8 9 11 12 16 19 22 23 | 23.2
Fighting       | 4 5 6 7 8 9 12 14 15 16 17 18 20 21 22 23 | 23.0
Armour         | 3 4 5 6 8 9 12 14 15 17 18 20 21 22 | 22.9
Dodging        | 3 4 5 6 7 8 11 13 14 16 17 18 19 20 21 | 21.4
Shields        | 1 11 14 15 17 18 19 | 19.5

Action                   |  1- 3 |  4- 6 |  7- 9 | 10-12 | 13-15 | 16-18 | 19-21 | 22-24 || total
-------------------------+-------+-------+-------+-------+-------+-------+-------+-------++-------
Melee: Hand axe          |    59 |   133 |   171 |   229 |       |       |       |       ||   592
       Headbutt          |    14 |    25 |    44 |    94 |   193 |   327 |   342 |   329 ||  1368
       Battleaxe         |       |       |       |   237 |   919 |    80 |   120 |       ||  1356
       Broad axe         |       |       |       |       |     7 |  1226 |  1083 |  1019 ||  3335
Invok: Berserk           |     1 |     4 |     5 |     4 |     5 |     9 |    12 |     7 ||    47
       Trog's Hand       |       |     1 |     2 |     7 |    21 |    52 |    26 |    26 ||   135
       Brothers in Arms  |       |       |       |       |       |    12 |     1 |       ||    13
 Abil: Evoke Flight      |       |       |       |       |       |     6 |       |       ||     6
Evoke: Wand              |       |     2 |       |       |       |       |       |       ||     2
  Use: Scroll            |     7 |     2 |     1 |    12 |    18 |     4 |     7 |    15 ||    66
       Potion            |       |       |       |       |     4 |    17 |       |     1 ||    22
 Stab: Sleeping          |       |     1 |       |       |       |       |       |       ||     1
       Distracted        |       |       |       |       |     1 |     1 |       |     1 ||     3
       Invisible         |       |       |       |       |       |    13 |       |       ||    13
       Held in net/web   |       |       |       |       |       |     3 |       |       ||     3
       Petrified         |       |       |       |       |       |     2 |       |       ||     2
       Petrifying        |       |       |       |       |       |     1 |       |       ||     1
  Eat: Chunk             |     1 |     7 |    11 |    15 |    24 |    16 |    20 |    10 ||   104
       Ration            |     1 |       |     1 |     5 |     7 |    14 |     9 |     9 ||    46
Armor: Animal skin       |    14 |     2 |       |       |       |       |       |       ||    16
       Chain mail        |       |    56 |    69 |    10 |       |       |       |       ||   135
       Scale mail        |       |     5 |       |       |       |       |       |       ||     5
       Plate armour      |       |       |       |   253 |   473 |   483 |   351 |   299 ||  1859
Dodge: Dodged            |    47 |    71 |    76 |   283 |   430 |   603 |   574 |   498 ||  2582
Block: Shield            |       |       |       |       |     4 |   802 |   754 |   769 ||  2329
       Reflection        |       |       |       |       |     1 |    89 |    61 |    35 ||   186

Table legend:
 A = Spawn XP
 B = Non-spawn XP
 C = Spawn XP percentage of total XP
 D = Spawn monster count
 E = Non-spawn monster count
 F = Spawn count percentage of total count
 G = Total turns spent on level
                    A         B        C        D         E        F      G
               +---------+---------+-------+---------+---------+-------+---------
         Total |       0 | 1039914 |   0.0 |       0 |    1892 |   0.0 | 42646
               +---------+---------+-------+---------+---------+-------+---------
           D:1 |       0 |      33 |   0.0 |       0 |      19 |   0.0 |   741
           D:2 |       0 |      56 |   0.0 |       0 |      13 |   0.0 |  1026
           D:3 |       0 |     230 |   0.0 |       0 |      40 |   0.0 |  1174
           D:4 |       0 |    1237 |   0.0 |       0 |      17 |   0.0 |   809
           D:5 |       0 |     943 |   0.0 |       0 |      21 |   0.0 |   487
           D:6 |       0 |    1509 |   0.0 |       0 |      29 |   0.0 |   981
           D:7 |       0 |    2233 |   0.0 |       0 |      34 |   0.0 |   744
           D:8 |       0 |     976 |   0.0 |       0 |      19 |   0.0 |   521
           D:9 |       0 |    1049 |   0.0 |       0 |      30 |   0.0 |   862
          D:10 |       0 |    3933 |   0.0 |       0 |      35 |   0.0 |   793
          D:11 |       0 |    6932 |   0.0 |       0 |      42 |   0.0 |  1147
          D:12 |       0 |    6102 |   0.0 |       0 |      22 |   0.0 |  1353
          D:13 |       0 |    7400 |   0.0 |       0 |      33 |   0.0 |   574
          D:14 |       0 |   13983 |   0.0 |       0 |      62 |   0.0 |  1565
          D:15 |       0 |   20903 |   0.0 |       0 |      47 |   0.0 |  1153
        Lair:1 |       0 |    2456 |   0.0 |       0 |      11 |   0.0 |   866
        Lair:2 |       0 |    2015 |   0.0 |       0 |      13 |   0.0 |   785
        Lair:3 |       0 |    5859 |   0.0 |       0 |      23 |   0.0 |   879
        Lair:4 |       0 |    5770 |   0.0 |       0 |      23 |   0.0 |   724
        Lair:5 |       0 |    6352 |   0.0 |       0 |      25 |   0.0 |   458
        Lair:6 |       0 |   21718 |   0.0 |       0 |      68 |   0.0 |  1253
      Shoals:1 |       0 |    9601 |   0.0 |       0 |      16 |   0.0 |  1192
      Shoals:2 |       0 |   28578 |   0.0 |       0 |      57 |   0.0 |  1190
      Shoals:3 |       0 |   39543 |   0.0 |       0 |      57 |   0.0 |  1127
      Shoals:4 |       0 |   32764 |   0.0 |       0 |      50 |   0.0 |  1013
       Snake:1 |       0 |   26371 |   0.0 |       0 |      35 |   0.0 |   788
       Snake:2 |       0 |    8535 |   0.0 |       0 |      17 |   0.0 |   976
       Snake:3 |       0 |   28676 |   0.0 |       0 |      55 |   0.0 |  1085
       Snake:4 |       0 |   41482 |   0.0 |       0 |      87 |   0.0 |  1313
         Orc:1 |       0 |    2541 |   0.0 |       0 |      24 |   0.0 |   490
         Orc:2 |       0 |   10816 |   0.0 |       0 |      72 |   0.0 |   689
      Vaults:1 |       0 |   56754 |   0.0 |       0 |      94 |   0.0 |  1383
      Vaults:2 |       0 |   60872 |   0.0 |       0 |      75 |   0.0 |  1924
      Vaults:3 |       0 |   50589 |   0.0 |       0 |      78 |   0.0 |  1208
      Vaults:4 |       0 |   96246 |   0.0 |       0 |     118 |   0.0 |  1313
      Vaults:5 |       0 |  140715 |   0.0 |       0 |     120 |   0.0 |  1717
      Depths:1 |       0 |   54488 |   0.0 |       0 |      76 |   0.0 |   750
      Depths:2 |       0 |   73348 |   0.0 |       0 |      78 |   0.0 |  1400
      Depths:3 |       0 |   49624 |   0.0 |       0 |      51 |   0.0 |   956
      Depths:4 |       0 |   36802 |   0.0 |       0 |      33 |   0.0 |   964
      Depths:5 |       0 |   61738 |   0.0 |       0 |      55 |   0.0 |  1298
         Zot:1 |       0 |   15765 |   0.0 |       0 |      11 |   0.0 |   204
           Lab |       0 |    2377 |   0.0 |       0 |       7 |   0.0 |   771
               +---------+---------+-------+---------+---------+-------+---------
